 Dungeon Crawl Stone Soup version 0.25-a0-2-g6559c6c67a (webtiles) character file.

Game seed: 17077562788521796592, levelgen mode: deterministic

87 Peloso the Shield-Bearer (level 4, -1/40 HPs)
             Began as a Minotaur Fighter on Oct 13, 2019.
             Slain by Sigmund
             ... wielding a +0 scythe
              (7 damage)
             ... on level 2 of the Dungeon on Oct 14, 2019.
             The game lasted 00:06:35 (1444 turns).

Peloso the Shield-Bearer (Minotaur Fighter)         Turns: 1444, Time: 00:06:36

Health: -1/40      AC:  7    Str: 21    XL:     4   Next: 28%
Magic:  3/3        EV:  5    Int:  5    God:
Gold:   30         SH:  0    Dex: 10    Spells: 3/3 levels left

rFire    . . .     SeeInvis .   a - +0 long sword
rCold    . . .     Gourm    .   c - +0 large shield
rNeg     . . .     Faith    .   b - +0 scale mail (curse)
rPois    .         Spirit   .   (helmet restricted)
rElec    .         Reflect  .   (no cloak)
rCorr    .         Harm     .   (no gloves)
MR       .....                  (no boots)
Stlth    ..........             l - amulet of the acrobat
HPRegen  0.13/turn              (no ring)
MPRegen  0.08/turn              (no ring)

@: confused
A: retaliatory headbutt, horns 2
a: no special abilities


You were on level 2 of the Dungeon.
You were not hungry.

You visited 1 branch of the dungeon, and saw 2 of its levels.

You collected 30 gold pieces.

Inventory:

Hand Weapons
 a - a +0 long sword (weapon)
Armour
 b - a cursed +0 scale mail (worn)
 c - a +0 large shield (worn)
Jewellery
 g - an uncursed amulet of rage
 l - an amulet of the acrobat (around neck)
Scrolls
 h - a scroll of enchant armour {unknown}
 i - a scroll of teleportation {unknown}
 k - a scroll of blinking {unknown}
Potions
 d - a potion of might
 e - a potion of cancellation
Comestibles
 f - 3 rations


   Skills:
 + Level 4.2 Fighting
 + Level 3.3 Long Blades
 + Level 4.3 Armour
 + Level 0.6 Dodging
 + Level 4.6 Shields


You had 3 spell levels left.
You didn't know any spells.
Your spell library was empty.

Dungeon Overview and Level Annotations

Branches:
Dungeon (2/15)

Altars:
Dithmenos

Annotations:
D:2 Sigmund


Innate Abilities, Weirdness & Mutations

You reflexively headbutt those who attack you in melee.
You have a pair of horns on your head.


Message History

You miss something. Your headbutt misses something.
You block the frilled lizard's attack. x2
You closely miss something. Something hits you!
You block the frilled lizard's attack.
You hit something but do no damage. You headbutt something.
You hear some strange, mumbled words.
You are confused.
The frilled lizard closely misses you. Something hits you!
You bump into the rock wall.
The frilled lizard bites you but does no damage.
You closely miss something. The frilled lizard bites you. Something hits you!
* * * LOW HITPOINT WARNING * * *
The frilled lizard barely misses you.
You closely miss something. Something hits you.
* * * LOW HITPOINT WARNING * * *
The frilled lizard barely misses you.
You miss something.
The frilled lizard bites you but does no damage.
Something hits you!
You die...

#.#..##
##.#.<.######.#..
#...........#....
#........##.#...#
#.).....)##.#....
#.........#.#...##
#.........#.#..w.
###.##.(...#.##l{#
....#.†......##.@#
#.###((......###.#
....(.###'#..###.###
####### #.......>..#
############


You could see a worm and a frilled lizard.

Vanquished Creatures
  An orc wizard (D:2)
  A worm (D:2)
  A dart slug (D:2)
  A leopard gecko (D:2)
  3 orcs (D:2)
  3 giant cockroaches
  6 goblins
  4 hobgoblins (D:1)
  7 jackals
  5 kobolds
  A ball python (D:2)
  7 bats
  3 frilled lizards (D:1)
  5 rats
48 creatures vanquished.

Notes
Turn   | Place    | Note
-------+----------+-------------------------------------------
     0 | D:1      | Peloso the Minotaur Fighter began the quest for the Orb.
     0 | D:1      | Reached XP level 1. HP: 19/19 MP: 0/0
    59 | D:1      | Reached XP level 2. HP: 25/27 MP: 1/1
   861 | D:1      | Upgraded the game from 0.24-b1 to 0.25-a0-2-g6559c6c67a
   886 | D:2      | Reached XP level 3. HP: 32/33 MP: 2/2
   954 | D:2      | Reached XP level 4. HP: 17/40 MP: 3/3
  1221 | D:2      | Found a shadowy altar of Dithmenos.
  1431 | D:2      | Noticed Sigmund
  1444 | D:2      | Slain by Sigmund

Levels and vault maps discovered:
D:1:      saegor_arrival_simple_a, layout_basic, serial_bayou,
          serial_bayou_pond_d, serial_bayou_shore_a, serial_bayou_shore_b,
          serial_bayou_lagoon_a, serial_bayou_pond_c, serial_bayou_shore_b
D:2:      layout_basic, nicolae_dithmenos_shadow_blocks,
          kennysheep_vampire_church, uniq_sigmund

Skill      XL: |  1  2  3 |
---------------+----------+-----
Shields        | 4 |  4.6
Armour         | 4 |  4.3
Fighting       | 4 |  4.2
Long Blades    | 3 |  3.3
Dodging        | |  0.6

Action                   |  1- 3 |  4- 6 || total
-------------------------+-------+-------++-------
Melee: Long sword        |    90 |    49 ||   139
       Headbutt          |    16 |     7 ||    23
  Use: Potion            |     2 |     1 ||     3
  Eat: Chunk             |       |     2 ||     2
Armor: Scale mail        |    59 |    18 ||    77
Dodge: Dodged            |    43 |    22 ||    65
Block: Shield            |    46 |       ||    46
       Large shield      |    31 |    53 ||    84
       Rpst.: Long sword |     9 |     3 ||    12

Table legend:
 A = Non-vault XP
 B = Vault XP
 C = Vault XP percentage of total XP
 D = Non-vault monster count
 E = Vault monster count
 F = Vault count percentage of total count
                 A         B        C        D         E       F
            +---------+---------+-------+---------+---------+-------
      Total |     125 |       0 |   0.0 |      48 |       0 |   0.0
            +---------+---------+-------+---------+---------+-------
        D:1 |      37 |       0 |   0.0 |      24 |       0 |   0.0
        D:2 |      88 |       0 |   0.0 |      24 |       0 |   0.0
            +---------+---------+-------+---------+---------+-------
